 Dungeon Sprint DCSS version 0.20-a0-1039-gf554463 (webtiles) character file.

413 Dipster the Insei (level 6, -7/79 HPs)
             Began as a Demigod Transmuter on Apr 22, 2017.
             Mangled by a four-headed hydra (13 damage)
             ... in the Dungeon (Sprint IX: "|||||||||||||||||||||||||||||").
             The game lasted 00:02:51 (693 turns).

Dipster the Insei (Demigod Transmuter)               Turns: 693, Time: 00:02:52

Health: -7/79      AC: 11    Str: 20    XL:     6   Next: 33%
Magic:  13/15      EV: 12    Int: 19    God:
Gold:   0          SH:  0    Dex: 19    Spells: 2/13 levels left

rFire    + . .     SeeInvis .   p - +2 dire flail "Cemet" {crush, rF+ Stlth+}
rCold    . . .     Gourm    .   (shield currently unavailable)
rNeg     . . .     Faith    .   w - +1 chain mail
rPois    .         Spirit   .   v - +0 helmet
rElec    .         Reflect  .   (no cloak)
rCorr    .         Harm     .   (no gloves)
MR       .....     NoTele   +   (no boots)
Stlth    ..........             (no amulet)
Regen    0.3/turn               x - +3 ring of dexterity
MPRegen  0.2/turn               y - +2 ring of evasion

@: berserking, very slightly contaminated, invisible, very quick
A: high mp 1
a: no special abilities


You were in the Dungeon.
You were not hungry.

You visited 1 branch

Inventory:

Hand Weapons
 p - the +2 dire flail "Cemet" (weapon) {crush, rF+ Stlth+}
   (You found it in the Dungeon)

   It inflicts extra damage upon your enemies.
   It protects you from fire.
   It makes you more stealthy.
 q - a +2 halberd of venom
 r - a +0 lajatang
 s - a +2 rapier of distortion
 t - a +2 scimitar of flaming
 u - a +3 war axe of chopping
Missiles
 a - 12 arrows
Armour
 b - a +0 robe
 v - a +0 helmet (worn)
 w - a +1 chain mail (worn)
Magical Staves
 o - an uncursed staff of energy
Jewellery
 x - a +3 ring of dexterity (left hand)
 y - a +2 ring of evasion (right hand)
Wands
 n - a wand of iceblast (7/15)
Scrolls
 j - 2 scrolls of blinking
 l - 3 scrolls of remove curse
 m - 2 scrolls of amnesia
Potions
 e - 5 potions of curing
 f - 3 potions of heal wounds
 g - a potion of haste
 h - 4 potions of magic
Books
 c - a book of Changes

   Spells                             Type                      Level
   a - Beastly Appendage              Transmutation                1
   b - Sticks to Snakes               Transmutation                2
   c - Spider Form                    Transmutation/Poison         3
   d - Ice Form                       Ice/Transmutation            4
   e - Blade Hands                    Transmutation                5
Comestibles
 d - a bread ration
 z - 8 chunks of flesh


   Skills:
 * Level 4.6 Fighting
 * Level 4.3 Maces & Flails
 * Level 4.4 Armour
 * Level 4.8 Dodging
 + Level 6.9 Unarmed Combat
 * Level 4.4 Spellcasting
 * Level 5.1 Transmutations


You had 2 spell levels left.
You knew the following spells:

 Your Spells              Type           Power        Failure   Level  Hunger
a - Beastly Appendage     Tmut           ###...       16%         1    None
b - Sticks to Snakes      Tmut           ###.....     24%         2    #......
c - Blade Hands           Tmut           ###.......   99%         5    ######.
d - Spider Form           Tmut/Pois      ##........   80%         3    ###....


Dungeon Overview and Level Annotations

Branches:
Dungeon (1/1)


Innate Abilities, Weirdness & Mutations

You have an increased reservoir of magic. (+10% MP)


Message History

Your base attributes are Str 13, Int 19, Dex 16.
Increase (S)trength, (I)ntelligence, or (D)exterity?
You feel stronger. x2
You thump the four-headed hydra!
The four-headed hydra is lightly wounded.
You barely miss the four-headed hydra.
The four-headed hydra is lightly wounded.
The four-headed hydra bites you. x2
* * * LOW HITPOINT WARNING * * *
The four-headed hydra closely misses you.
The four-headed hydra misses you.
You hit the four-headed hydra.
The four-headed hydra is moderately wounded.
The four-headed hydra barely misses you.
The four-headed hydra bites you!
* * * LOW HITPOINT WARNING * * *
The four-headed hydra bites you.
* * * LOW HITPOINT WARNING * * *
The four-headed hydra bites you!
You die... ▓▓▓▓▓▓▓▓▓▓▓▓▓▓▓▓▓▓▓▓▓▓▓▓ '.....[...÷.....@DuJlH.. ▓▓▓▓▓▓▓▓▓▓▓▓▓▓▓▓▓▓▓▓▓▓▓▓

You could see a four-headed hydra, a cyan ugly thing, a slime creature, a hippogriff and a wyvern.

Vanquished Creatures
  A slime creature (D)
  An ice beast (D)
  A hound (D)
  2 worker ants (D)
  3 adders (D)
  An adder zombie (D)
  A leopard gecko (D)
  A bat skeleton (D)
  A goblin (D)
  A hobgoblin (D)
  A jackal (D)
  A quokka (D)
  2 frilled lizards (D)
17 creatures vanquished.

Notes
Turn   | Place    | Note
-------+----------+-------------------------------------------
     0 | D        | Dipster the Demigod Transmuter began the quest for the Orb.
     0 | D        | Reached XP level 1. HP: 15/15 MP: 5/5
     8 | D        | Reached skill level 3 in Unarmed Combat
    16 | D        | Reached skill level 4 in Unarmed Combat
   275 | D        | Reached skill level 5 in Unarmed Combat
   275 | D        | Reached XP level 2. HP: 18/22 MP: 7/7
   289 | D        | Reached skill level 6 in Unarmed Combat
   514 | D        | Found a roughly hewn altar of Beogh.
   514 | D        | Found a snail-covered altar of Cheibriados.
   514 | D        | Found a shadowy altar of Dithmenos.
   514 | D        | Found a white marble altar of Elyvilon.
   514 | D        | Found a blossoming altar of Fedhas.
   514 | D        | Found an opulent altar of Gozag.
   515 | D        | Found a hazy altar of Hepliaklqana.
   516 | D        | Found a viscous altar of Jiyva.
   517 | D        | Found an ancient bone altar of Kikubaaqudgha.
   518 | D        | Found a corrupted altar of Lugonu.
   519 | D        | Found a burning altar of Makhleb.
   520 | D        | Found a sparkling altar of Nemelex Xobeh.
   521 | D        | Found an iron altar of Okawaru.
   522 | D        | Found a stormy altar of Qazlal.
   523 | D        | Found a sacrificial altar of Ru.
   524 | D        | Found a deep blue altar of Sif Muna.
   525 | D        | Found a bloodstained altar of Trog.
   526 | D        | Found a hide-covered altar of Uskayaw.
   527 | D        | Found a radiant altar of Vehumet.
   528 | D        | Found an ornate altar of the Wu Jian Council.
   529 | D        | Found a shimmering altar of Xom.
   530 | D        | Found a basalt altar of Yredelemnul.
   531 | D        | Found a glowing silver altar of Zin.
   532 | D        | Found a glowing golden altar of the Shining One.
   554 | D        | Got the +2 dire flail "Cemet" {crush, rF+ Stlth+}
   586 | D        | Noticed an ice beast
   596 | D        | Killed an ice beast
   596 | D        | Reached XP level 3. HP: 30/30 MP: 8/10
   596 | D        | Reached XP level 4. HP: 37/37 MP: 8/11
   621 | D        | Reached XP level 5. HP: 38/45 MP: 10/13
   671 | D        | Learned a level 2 spell: Sticks to Snakes
   677 | D        | Learned a level 5 spell: Blade Hands
   681 | D        | Learned a level 3 spell: Spider Form
   683 | D        | Noticed a slime creature
   683 | D        | Noticed a four-headed hydra
   683 | D        | Noticed a wyvern
   683 | D        | Noticed a cyan ugly thing
   683 | D        | Noticed a slime creature
   683 | D        | Noticed a hippogriff
   690 | D        | Killed a slime creature
   690 | D        | Reached skill level 5 in Transmutations
   690 | D        | Reached XP level 6. HP: 27/53 MP: 13/15
   693 | D        | Mangled by a four-headed hydra

Vault maps used:
D:        linesprint

Skill      XL: |  1  2  3  4  5 |
---------------+----------------+-----
Unarmed Combat | 5 6 |  6.9
Fighting       | 2 3 4 |  4.6
Maces & Flails | 2 3 4 |  4.3
Armour         | 2 3 4 |  4.4
Dodging        | 3 4 |  4.8
Spellcasting   | 2 3 4 |  4.4
Transmutations | 3 5 |  5.1

Action                   |  1- 3 |  4- 6 || total
-------------------------+-------+-------++-------
Melee: Unarmed           |    39 |       ||    39
       Dire flail        |    10 |    37 ||    47
  Use: Potion            |       |     2 ||     2
 Stab: Invisible         |       |     1 ||     1
Armor: Robe              |     4 |       ||     4
       Chain mail        |     8 |    24 ||    32
Dodge: Dodged            |    30 |    20 ||    50
